 Dungeon Sprint DCSS version 0.18.1-50-g88ac8fd (webtiles) character file.

767 Kagutsuchi the Fighter (level 7, -4/72 (73) HPs)
             Began as a Black Draconian Berserker on Oct 21, 2016.
             Was a Priest of Trog.
             Killed from afar by a death drake (13 damage)
             ... with a foul vapour
             ... in the Dungeon (Sprint II: "The Violet Keep of Menkaure").
             The game lasted 00:03:44 (414 turns).

Kagutsuchi the Fighter (Black Draconian Berserker)   Turns: 414, Time: 00:03:44

HP:   -4/72 (73)    AC:  6    Str: 20    XL:     7   Next: 52%
MP:   7/7           EV: 15    Int:  7    God:    Trog [***...]
Gold: 109           SH:  0    Dex: 10    Spells: 0 memorised, 6 levels left

rFire  . . .     SeeInvis .     a - +0 falchion
rCold  . . .     Gourm    .     (armour unavailable)
rNeg   . . .     Faith    .     (no shield)
rPois  +         Spirit   .     (helmet restricted)
rElec  +         Dismiss  .     (no cloak)
rCorr  .         Reflect  .     (no gloves)
SustAt .         Harm     .     (no boots)
MR     .....     NoTele   +     (no amulet)
Stlth  +.........               (no ring)
                                (no ring)

@: lethally poisoned (-4 -> -23), non-regenerating, badly diseased, slowed, very
slow, not resistant to hostile enchantments, very unstealthy
A: breathe lightning, unfitting armour, clumsy 1, mutation resistance 1, poison
resistance, electricity resistance, cold-blooded, AC +6
a: Breathe Lightning, Berserk, Trog's Hand, Burn Spellbooks, Renounce Religion


You were in the Dungeon.
You worshipped Trog.
Trog was most pleased with you.
You were not hungry.

You visited 1 branch You collected 324 gold pieces.
You spent 215 gold pieces at shops.

Inventory:

Hand Weapons
 a - a +0 falchion (weapon)
Scrolls
 h - a scroll of blinking
Potions
 c - 2 potions of curing
 d - 2 potions of heal wounds
 e - a potion of haste
 f - 2 potions of magic
 g - a potion of berserk rage


   Skills:
 + Level 10.8 Fighting
 + Level 10.2 Long Blades
 + Level 9.3 Dodging


You had 6 spell levels left.
You didn't know any spells.

Dungeon Overview and Level Annotations

Branches:
Dungeon (1/1)

Altars:
Cheibriados
Dithmenos
Elyvilon
Gozag
Kikubaaqudgha
Makhleb
Nemelex Xobeh
Okawaru
Pakellas
Qazlal
Ru
Sif Muna
Trog
Vehumet
Xom
Yredelemnul
Zin
The Shining One
Beogh
Lugonu

Shops:
D ![::}![[%==:??[(

Annotations:
D exclusions: ice statue and oklob plant


Innate Abilities, Weirdness & Mutations

You can breathe wild blasts of lightning.
Your glossy black scales are hard (AC +6).
Your body does not fit into most forms of armour.
You are resistant to electric shocks.
You are cold-blooded and may be slowed by cold attacks.
You are clumsy. (Dex -2)
You are somewhat resistant to further mutation.
Your system is resistant to poisons.


Message History

You are engulfed in dark miasma.
You feel yourself slow down.
You feel sick. The death drake bites you.
* * * LOW HITPOINT WARNING * * *
You feel sick. The death drake misses you. The death drake barely misses you.
There is an open door, spattered with blood here.
You miss the death drake.
You tail-slap the death drake, but do no damage.
You feel sick.
The death drake bites you but does no damage.
The death drake bites you.
* * * LOW HITPOINT WARNING * * *
The swamp drake breathes noxious fumes at you.
The noxious blast engulfs you! The death drake bites you.
* * * LOW HITPOINT WARNING * * *
The death drake breathes miasma at you. The foul vapour engulfs you!
You feel your flesh rotting away!
You feel ill.
You feel as though you will be slow longer.
You die...

...§..§§§##§...### #
§§§.. #e§.....#
#+++#+++## #....# ##
.........# +...(# .#
≈.##+##..# ####.# .#
≈## ##.#### +^##.#
≈# #....# #§..# ##
###..#####kk# .# #+#
##..#§§@k.# .###.##
#..#§k#§.# ##'.<.+
+..####..### #.##.##
#....###...##▓▓▓
.###+#
##......≈≈≈≈≈≈≈≈≈ ##
###≈≈.....≈#+######
≈#
#≈≈≈§≈≈≈..≈#..._._.
≈#
#≈≈≈≈§§≈≈.≈#.._._._
≈≈#
#≈§§§≈≈≈≈≈≈≈#._._._.


You could see 2 death drakes and 2 swamp drakes.

Vanquished Creatures
  3 neqoxecs (D)
  Menkaure (D)
  3 black bears (D)
7 creatures vanquished.

Vanquished Creatures (others)
  A neqoxec (D)
  A crocodile (D)
2 creatures vanquished.

Grand Total: 9 creatures vanquished

Notes
Turn   | Place    | Note
--------------------------------------------------------------
     0 | D        | Kagutsuchi the Draconian Berserker began the quest for the Orb.
     0 | D        | Reached XP level 1. HP: 19/19 MP: 1/1
     1 | D        | Noticed a neqoxec
     1 | D        | Gained mutation: You are weak. (Str -2) [a neqoxec]
    11 | D        | Killed a neqoxec
    11 | D        | Reached skill level 5 in Dodging
    11 | D        | Reached XP level 2. HP: 24/34 MP: 2/2
    11 | D        | Reached XP level 3. HP: 28/39 MP: 3/3
    11 | D        | Reached XP level 4. HP: 34/47 MP: 4/4
    12 | D        | Noticed a neqoxec
    13 | D        | Gained mutation: You are clumsy. (Dex -2) [a neqoxec]
    16 | D        | Killed a neqoxec
    16 | D        | Reached ** piety under Trog
    16 | D        | Reached XP level 5. HP: 42/56 MP: 5/5
    17 | D        | Noticed a neqoxec
    19 | D        | Killed a neqoxec
    19 | D        | Reached XP level 6. HP: 46/64 MP: 6/6
    20 | D        | Found Ceifeosai's Magic Scroll Shop.
    20 | D        | Found Voasod's Antique Weapon Shop.
    20 | D        | Found Noivieb's Jewellery Boutique.
    20 | D        | Found Beugietz's Magic Scroll Boutique.
    20 | D        | Found Qelim's Antique Armour Boutique.
    21 | D        | Found Vinnarph's Jewellery Boutique.
    22 | D        | Found Ocafe's Book Shop.
    24 | D        | Found Hygethri's Food Boutique.
    24 | D        | Found Ycsot's Antique Armour Shop.
    25 | D        | Found Puntecs's Antique Armour Shop.
    25 | D        | Found Eperew's Distillery.
    25 | D        | Noticed a redback
    27 | D        | Found Oploc's Gadget Boutique.
    27 | D        | Found Onigew's Book Shop.
    27 | D        | Noticed Menkaure
    27 | D        | Noticed a redback
    27 | D        | Noticed an oklob plant
    28 | D        | Found Axigub's Armour Shop.
    28 | D        | Found Keexeumn's Book Shoppe.
    28 | D        | Found Cenirch's Distillery.
    30 | D        | Noticed an iron elemental
    41 | D        | Killed Menkaure
    41 | D        | Reached skill level 10 in Fighting
    57 | D        | Bought a potion of curing for 30 gold pieces
    57 | D        | Bought a potion of mutation for 25 gold pieces
    57 | D        | Bought 2 potions of curing for 60 gold pieces
    57 | D        | Bought a potion of curing for 30 gold pieces
    61 | D        | Bought a potion of heal wounds for 70 gold pieces
   111 | D        | Killed a neqoxec
   118 | D        | Lost mutation: You are weak. (Str -2) [potion of mutation]
   118 | D        | Gained mutation: Your system is resistant to poisons. [potion of mutation]
   118 | D        | Gained mutation: You are somewhat resistant to further mutation. [potion of mutation]
   266 | D        | Noticed an ice statue
   284 | D        | Found a burning altar of Makhleb.
   284 | D        | Found a corrupted altar of Lugonu.
   286 | D        | Found an iron altar of Okawaru.
   286 | D        | Found a shimmering altar of Xom.
   286 | D        | Found a white marble altar of Elyvilon.
   287 | D        | Found a glowing golden altar of the Shining One.
   287 | D        | Found a sparkling altar of Nemelex Xobeh.
   287 | D        | Found a roughly hewn altar of Beogh.
   289 | D        | Found an opulent altar of Gozag.
   289 | D        | Found an oddly glowing altar of Pakellas.
   289 | D        | Found a glowing silver altar of Zin.
   289 | D        | Found a shadowy altar of Dithmenos.
   290 | D        | Found a deep blue altar of Sif Muna.
   290 | D        | Found a sacrificial altar of Ru.
   290 | D        | Found a snail-covered altar of Cheibriados.
   292 | D        | Found an ancient bone altar of Kikubaaqudgha.
   292 | D        | Found a radiant altar of Vehumet.
   292 | D        | Found a stormy altar of Qazlal.
   294 | D        | Found a bloodstained altar of Trog.
   294 | D        | Found a basalt altar of Yredelemnul.
   305 | D        | Noticed a deep elf master archer
   323 | D        | Your scales start taking on a glossy black colour.
   323 | D        | Reached XP level 7. HP: 73/73 MP: 7/7
   323 | D        | Gained mutation: You are resistant to electric shocks. [Black Draconian growth]
   328 | D        | Reached *** piety under Trog
   338 | D        | Reached skill level 10 in Long Blades
   404 | D        | Noticed a death drake
   405 | D        | Noticed a death drake
   414 | D        | Killed from afar by a death drake

Skill      XL: |  1  2  3  4  5  6  7 |
---------------+----------------------+-----
Fighting       | 7 8 9 10 | 10.8
Long Blades    | 6 7 8 9 10 | 10.2
Dodging        | 5 6 7 8 9 |  9.3

Action                   |  1- 3 |  4- 6 |  7- 9 || total
-------------------------+-------+-------+-------++-------
Melee: Falchion          |     7 |    21 |    12 ||    40
       Tailslap          |     1 |     4 |     2 ||     7
Invok: Berserk           |     1 |     1 |       ||     2
  Use: Potion            |       |     3 |     1 ||     4
  Eat: Bread ration      |       |       |     1 ||     1
Armor: Skin              |     1 |     5 |     9 ||    15
Dodge: Dodged            |     2 |    26 |    31 ||    59
